 Dungeon Crawl Stone Soup version 0.25-a0-294-gea9b1ad378 (webtiles) character file.

Game seed: 8674569125885191481, levelgen mode: deterministic

366 Gargoyl the Skirmisher (level 6, -3/52 HPs)
             Began as a Centaur Abyssal Knight on Dec 16, 2019.
             Was a Believer of Lugonu.
             Killed by nerve-wracking pain
             ... invoked by Grinder
              (13 damage)
             ... while paralysed by Grinder
             ... on level 3 of the Dungeon.
             The game lasted 00:03:55 (3546 turns).

Gargoyl the Skirmisher (Centaur Abyssal Knight)     Turns: 3546, Time: 00:03:56

Health: -3/52      AC:  9    Str: 15    XL:     6   Next: 40%
Magic:  8/8        EV:  1    Int: 11    God:    Lugonu [**....]
Gold:   198        SH:  0    Dex: 15    Spells: 5/5 levels left

rFire    . . .     SeeInvis .   a - +1 hand axe
rCold    . . .     Gourm    .   (no shield)
rNeg     . . .     Faith    .   e - +0 chain mail
rPois    .         Spirit   .   (no helmet)
rElec    .         Reflect  .   (no cloak)
rCorr    .         Harm     .   d - +0 pair of gloves
MR       .....                  (no barding)
Stlth    ..........             (no amulet)
HPRegen  0.17/turn              (no ring)
MPRegen  0.11/turn              (no ring)

@: paralysed, agile, very quick
A: large, hooves 3, deformed body, speed 2, tough skin 3
a: Depart the Abyss, Bend Space, Renounce Religion


You were on level 3 of the Dungeon.
You worshipped Lugonu.
Lugonu was pleased with you.
You were hungry.

You visited 1 branch of the dungeon, and saw 3 of its levels.
You visited the Abyss 1 time.

You collected 198 gold pieces.

Inventory:

Hand Weapons
 a - a +1 hand axe (weapon)
Missiles
 j - 4 boomerangs (quivered)
Armour
 d - a +0 pair of gloves (worn)
 e - a +0 chain mail (worn)
Scrolls
 b - 3 scrolls of identify
 g - a scroll of fog
 k - a scroll of noise {unknown}
Potions
 f - a potion of cancellation
Comestibles
 c - 3 rations


   Skills:
 + Level 4.0 Fighting
 + Level 3.3 Axes
 * Level 3.1 Armour
 * Level 1.7 Dodging
 * Level 3.3 Invocations


You had 5 spell levels left.
You didn't know any spells.
Your spell library was empty.

Dungeon Overview and Level Annotations

Branches:
Dungeon (3/15)

Altars:
Dithmenos

Annotations:
D:3 Grinder


Innate Abilities, Weirdness & Mutations

You have hooves in place of feet.
Armour fits poorly on your strangely shaped body.
You cover ground very quickly.
You have extremely tough skin. (AC +3)


Message History

You barely resist. You hit Grinder but do no damage.
You kick Grinder, but do no damage.
Grinder is moderately wounded.
Grinder blinks!
You hit Grinder. You kick Grinder.
Grinder is moderately wounded.
Grinder blinks!
Grinder grins, showing sharp teeth.
Grinder gestures at you.
You suddenly lose the ability to move!
Grinder says, "Wait up."
Grinder hits you. Grinder hits you!
You writhe in agony.
* * * LOW HITPOINT WARNING * * *
Grinder hits you.
* * * LOW HITPOINT WARNING * * *
Grinder says, "Mostly I couldn't keep them alive."
Grinder gestures at you. Pain shoots through your body!
You die...

##### ########
##...##
#......###.....##
#.###......5@...###
#.#...............#
#.#.#..#........#.#
#.#.#..#.......## #
#......####........
#.#.#.#####.#.###..
####...#.......#.#
.#
#....###......##.#
# #.##..........#
.#


You could see Grinder.

Vanquished Creatures
  Sigmund (D:3)
  2 orc priests (D:3)
  Natasha (twice) (D:2)
  4 adders (D:3)
  A dart slug (D:2)
  A worm (D:3)
  A leopard gecko (D:3)
  7 orcs (D:3)
  3 bats
  2 giant cockroaches (D:1)
  12 hobgoblins
  5 kobolds
  2 frilled lizards (D:2)
  10 goblins
  5 rats
58 creatures vanquished.

Notes
Turn   | Place    | Note
-------+----------+-------------------------------------------
     0 | Abyss:1  | Gargoyl the Centaur Abyssal Knight began the quest for the
                  | Orb.
     0 | Abyss:1  | Reached XP level 1. HP: 19/19 MP: 2/2
    45 | Abyss:1  | Noticed a quasit
    65 | Abyss:1  | Noticed a guardian serpent
    65 | Abyss:1  | Noticed an ancient zyme
    78 | D:1      | Escaped the Abyss
   363 | D:1      | Reached * piety under Lugonu
   550 | D:1      | Reached XP level 2. HP: 25/26 MP: 3/3
  1298 | D:2      | Noticed Natasha
  1300 | D:2      | Noticed a crimson imp
  1312 | D:2      | Killed Natasha
  1312 | D:2      | Reached skill level 1 in Dodging
  1312 | D:2      | Reached XP level 3. HP: 28/31 MP: 4/4
  1605 | D:2      | Found a shadowy altar of Dithmenos.
  1719 | D:2      | Noticed Sigmund
  1733 | D:2      | Noticed Natasha
  1735 | D:2      | Reached XP level 4. HP: 13/39 MP: 5/5
  1741 | D:2      | Killed Natasha
  1884 | D:3      | Reached ** piety under Lugonu
  1981 | D:3      | Reached XP level 5. HP: 10/46 MP: 7/7
  2743 | D:3      | Noticed Grinder
  2947 | D:3      | Killed Sigmund
  2947 | D:3      | Reached skill level 4 in Fighting
  2947 | D:3      | Reached XP level 6. HP: 36/52 MP: 8/8
  3526 | D:3      | Paralysed by Grinder for 5 turns
  3541 | D:3      | Paralysed by Grinder for 6 turns
  3546 | D:3      | Killed from afar by Grinder

Levels and vault maps discovered:
D:1:      lemuel_arrival_broad_hall, layout_loops_corners, serial_park_tiny_pond
D:2:      cheibrodos_greedy_goblins, layout_loops_ring,
          grunt_dithmenos_smoke_and_mirrors, kennysheep_generic_room_8,
          uniq_natasha, uniq_sigmund
D:3:      layout_loops_cross, uniq_grinder

Skill      XL: |  1  2  3  4  5 |
---------------+----------------+-----
Axes           | 2 3 |  3.3
Dodging        | 1 |  1.7
Armour         | 2 3 |  3.1
Fighting       | 4 |  4.0
Invocations    | 3 |  3.3

Action                   |  1- 3 |  4- 6 || total
-------------------------+-------+-------++-------
Melee: Hand axe          |    83 |    88 ||   171
       Kick              |    12 |    25 ||    37
Invok: Depart the Abyss  |     1 |       ||     1
  Use: Scroll            |     4 |     3 ||     7
       Potion            |       |     4 ||     4
  Eat: Chunk             |     1 |     5 ||     6
Armor: Chain mail        |    68 |    48 ||   116
       Leather armour    |     3 |       ||     3
Dodge: Dodged            |    25 |    11 ||    36

Table legend:
 A = Non-vault XP
 B = Vault XP
 C = Vault XP percentage of total XP
 D = Non-vault monster count
 E = Vault monster count
 F = Vault count percentage of total count
                 A         B        C        D         E       F
            +---------+---------+-------+---------+---------+-------
      Total |     246 |     278 |  53.1 |      44 |      14 |  24.1
            +---------+---------+-------+---------+---------+-------
        D:1 |      22 |       0 |   0.0 |      13 |       0 |   0.0
        D:2 |      58 |      58 |  50.0 |      14 |      13 |  48.1
        D:3 |     166 |     220 |  57.0 |      17 |       1 |   5.6
            +---------+---------+-------+---------+---------+-------
